 Dungeon Crawl Stone Soup version 0.29.1-14-g9c671dbff4 (webtiles) character file.

Game seed: 7716336625558341680

139 wolfrpgdude the Shield-Bearer (level 5, 0/42 HPs)
             Began as a Formicid Fighter on Feb 15, 2023.
             Slain by a gnoll
             ... wielding a +0 spear
              (3 damage)
             ... on level 3 of the Dungeon.
             The game lasted 00:04:34 (3340 turns).

wolfrpgdude the Shield-Bearer (Formicid Fighter)    Turns: 3340, Time: 00:04:34

Health: 0/42       AC:  7    Str: 22    XL:     5   Next: 46%
Magic:  5/5        EV:  9    Int:  8    God:
Gold:   145        SH:  5    Dex: 13    Spells: 4/4 levels left

rFire   . . .      SeeInvis +   a - +0 bardiche
rCold   . . .      Faith    .   c - +0 buckler
rNeg    . . .      Spirit   .   b - +0 scale mail
rPois   .          Reflect  .   (helmet unavailable)
rElec   .          Harm     .   (no cloak)
rCorr   .          Rampage  .   (no gloves)
Will    .....                   (no boots)
Stlth   ..........              (no amulet)
HPRegen 0.14/turn               (no ring)
MPRegen 0.09/turn               (no ring)

@: no status effects
A: permanent stasis, dig shafts and tunnels, antennae 3, four strong arms
a: Dig, Shaft Self


You were on level 3 of the Dungeon.
You visited 1 branch of the dungeon, and saw 3 of its levels.

You collected 145 gold pieces.

Inventory:

Hand Weapons
 a - a +0 bardiche (weapon)
Armour
 b - a +0 scale mail (worn)
 c - a +0 buckler (worn)
Scrolls
 e - 3 scrolls of identify
Potions
 d - a potion of might
 f - 2 potions of curing {unknown}
 g - a potion of flight {unknown}
 h - 2 potions of attraction {unknown}
 j - a potion of ambrosia {unknown}


   Skills:
 + Level 3.8 Fighting
 + Level 3.4 Polearms
 + Level 4.4 Armour
 + Level 0.3 Dodging
 + Level 0.1 Stealth
 + Level 4.7 Shields


You had 4 spell levels left.
You didn't know any spells.
Your spell library contained the following spells:

 Spells                   Type           Power      Damage    Failure   Level
 Gell's Gravitas          Tloc           0%         N/A       99%         3
 Teleport Other           Tloc           0%         N/A       99%         3
 Dispersal                Tloc           0%         N/A       100%        6


Dungeon Overview and Level Annotations

Branches:
Dungeon (3/15)

Altars:


Innate Abilities, Weirdness & Mutations

You cannot be hasted, slowed, berserked, paralysed or teleported.
You can dig through walls and to a lower floor.
You have a pair of large antennae on your head. (SInv)
Your four strong arms can wield two-handed weapons with a shield.


Message History

You see here a frilled lizard corpse.
Reach: a) +0 bardiche
Press: ? - help, Dir - move target, f - gnoll
Aim: a gnoll, wielding a +0 spear (about 53% to evade your +0 bardiche)
You reach to attack!
You slash the gnoll!
The gnoll is almost dead.
The gnoll hits you from afar with a +0 spear.
The gnoll hits you but does no damage.
Reach: a) +0 bardiche
Press: ? - help, Dir - move target, f/p - gnoll
Aim: a gnoll, wielding a +0 spear (almost dead, about 53% to evade your +0 bardiche)
You reach to attack!
You hit the gnoll.
You kill the gnoll!
The gnoll hits you with a +0 halberd!
* * * LOW HITPOINT WARNING * * *
The gnoll hits you from afar with a +0 spear.
* * * LOW HITPOINT WARNING * * *
The gnoll barely misses you. The gnoll closely misses you.
You block the gnoll's attack. You block the gnoll's attack.
The gnoll hits you but does no damage. The gnoll barely misses you.
You closely miss the gnoll. The gnoll barely misses you.
The gnoll closely misses you.
The gnoll hits you from afar with a +0 spear.
* * * LOW HITPOINT WARNING * * *
The gnoll barely misses you. The gnoll closely misses you.
You block the gnoll's attack.
You slice the gnoll!!
You kill the gnoll!
You block the gnoll's attack.
The gnoll hits you from afar with a +0 spear.
* * * LOW HITPOINT WARNING * * *
The gnoll barely misses you. The gnoll hits you with a +0 spear.
* * * LOW HITPOINT WARNING * * *
Things that are here:
a +0 spear; a gnoll corpse You closely miss the gnoll.
You block the gnoll's attack. The gnoll hits you with a +0 spear.
You die...

... #.. #.. #.# #.# #.#
#.. ###.####### ...
#).......g# ...
#.#.#####@#
.##+####g#+#####.#
.##............g.# #
###....#.....###.#.#
#....#..†..###.#.#
###....#..g........
.##....#...g####.#.###{
.#..........'.........
.#..###.....##g#.#.##


You could see 2 gnolls.

Vanquished Creatures
  5 gnolls (D:3)
  5 adders
  A worm (D:2)
  A dart slug (D:1)
  7 bats
  3 endoplasms
  2 giant cockroaches (D:2)
  4 goblins
  3 hobgoblins
  2 jackals (D:2)
  6 kobolds
  2 ball pythons (D:1)
  A frilled lizard (D:3)
  2 rats
44 creatures vanquished.

Notes
Turn   | Place    | Note
-------+----------+-------------------------------------------
     0 | D:1      | wolfrpgdude the Formicid Fighter began the quest for the
                  | Orb.
     0 | D:1      | Reached XP level 1. HP: 18/18 MP: 1/1
  1425 | D:1      | Reached XP level 2. HP: 16/21 MP: 2/2
  1527 | D:1      | Found a faded altar of an unknown god.
  1948 | D:2      | Reached XP level 3. HP: 21/29 MP: 3/3
  2381 | D:2      | Reached XP level 4. HP: 36/36 MP: 4/4
  3121 | D:3      | Reached XP level 5. HP: 29/42 MP: 5/5
  3340 | D:3      | Slain by a gnoll

Illustrated notes

Levels and vault maps discovered:
D:1:      saegor_arrival_simple_c, layout_basic,
          dilly_ecumenical_altar_fadedgnrine
D:2:      layout_loops_ring
D:3:      layout_basic, overflow_temple_1_default, minmay_misc_feat_chi,
          minmay_misc_feat_square, minmay_ogre_servants

Skill      XL: |  1  2  3  4 |
---------------+-------------+-----
Armour         | 4 |  4.4
Polearms       | 3 |  3.4
Fighting       | |  3.8
Dodging        | |  0.3
Stealth        | |  0.1
Shields        | |  4.7

Action                   |  1- 3 |  4- 6 || total
-------------------------+-------+-------++-------
Melee: Trident           |    88 |       ||    88
       Dagger            |     8 |     1 ||     9
       Bardiche          |       |    72 ||    72
 Abil: Dig               |     1 |       ||     1
  Use: Scroll            |     3 |     1 ||     4
Armor: Scale mail        |    37 |    36 ||    73
Dodge: Dodged            |    36 |    50 ||    86
Block: Buckler           |    24 |    25 ||    49
